 Dungeon Crawl Stone Soup version 0.28.0-43-g3370ac3207 (webtiles) character file.

Game seed: 8736514725357132748

729 sizableburger the Magician (level 7, -1/41 HPs)
             Began as a Deep Elf Conjurer on Mar 24, 2022.
             Slain by a killer bee (2 damage)
             ... in the Ecumenical Temple.
             The game lasted 00:09:30 (5618 turns).

sizableburger the Magician (Deep Elf Conjurer)      Turns: 5618, Time: 00:09:31

Health: -1/41      AC:  4    Str:  4    XL:     7   Next: 44%
Magic:  9/19       EV: 11    Int: 25    God:
Gold:   178        SH:  0    Dex: 13    Spells: 5/19 levels left

rFire   . . .      SeeInvis .   k - +0 falchion
rCold   + . .      Faith    .   (no shield)
rNeg    . . .      Spirit   .   d - +1 leather armour {rC+}
rPois   .          Reflect  .   (no helmet)
rElec   .          Harm     .   (no cloak)
rCorr   .          Rampage  .   (no gloves)
Will    .....                   (no boots)
Stlth   ++........              (no amulet)
HPRegen 0.13/turn               (no ring)
MPRegen 0.16/turn               (no ring)

@: lethally poisoned (-1 -> -8), hasted, very quick
A: no striking features
a: no special abilities


You were in the Ecumenical Temple.
You visited 2 branches of the dungeon, and saw 7 of its levels.

You collected 178 gold pieces.

Inventory:

Hand Weapons
 k - a +0 falchion (weapon)
Armour
 d - a +1 leather armour of cold resistance (worn)
Scrolls
 a - a scroll of identify
 b - a scroll of teleportation
 g - a scroll of amnesia
 i - a scroll of magic mapping
 l - 5 scrolls of fog
Potions
 e - 2 potions of flight
 h - a potion of resistance {unknown}


   Skills:
 + Level 3.3 Fighting
 - Level 3.3 Dodging
 - Level 2.6 Stealth
 + Level 6.9 Spellcasting
 - Level 5.1 Conjurations
 + Level 5.0 Hexes


You had 5 spell levels left.
You knew the following spells:

 Your Spells              Type           Power      Damage    Failure   Level
a - Magic Dart            Conj           100%       1d8       1%          1
b - Searing Ray           Conj           68%        2d6       2%          2
c - Dazzling Flash        Conj/Hex       68%        N/A       4%          3
d - Fulminant Prism       Conj/Hex       17%        3d11      16%         4
e - Cause Fear            Hex            17%        N/A       16%         4

Your spell library contained the following spells:

 Spells                   Type           Power      Damage    Failure   Level
 Pain                     Necr           32%        1d5       12%         1
 Inner Flame              Hex/Fire       21%        N/A       13%         3
 Corpse Rot               Necr/Air       16%        N/A       19%         2
 Poisonous Vapours        Pois/Air       16%        N/A       19%         2
 Iskenderun's Mystic Bla  Conj/Tloc      21%        2d6       38%         4
 Agony                    Necr           8%         N/A       98%         5
 Excruciating Wounds      Necr           4%         N/A       98%         5
 Discord                  Hex            17%        N/A       100%        8


Dungeon Overview and Level Annotations

Branches:
Dungeon (6/15)             Temple (1/1) D:6

Altars:
Elyvilon
Makhleb
Vehumet


Message History

A kobold brigand comes into view.
It is wielding a +0 short sword and quivering poisoned darts.
The kobold moves out of view.
The kobold shouts!
You hear a shout!
A kobold comes into view. It is wielding a +0 short sword.
Found a staircase to the Ecumenical Temple.
You feel sick.
The kobold shouts!
You hear a shout!
The killer bee barely misses you.
A kobold comes into view. It is wielding a +2 dagger of venom.
The killer bee closely misses you.
You feel sick. The killer bee barely misses you.
You feel sick. The killer bee stings you!
You are more poisoned.
The killer bee poisons you!
You feel sick. The killer bee stings you.
You are more poisoned.
The killer bee poisons you!
You feel better.
The killer bee stings you but does no damage.
The killer bee stings you!
You are poisoned.
The killer bee poisons you!
You feel very sick. The killer bee stings you.
The kobold throws a stone.
The stone hits you.
There is a staircase to the Ecumenical Temple here.
You feel sick. The killer bee stings you.
* * * LOW HITPOINT WARNING * * *
You are more poisoned.
The killer bee poisons you! The killer bee barely misses you.
Your magical contamination has completely faded away.
You climb downwards.
Welcome to the Ecumenical Temple!
* * * LOW HITPOINT WARNING * * *
You feel sick.
Found a burning altar of Makhleb and a white marble altar of Elyvilon.
There is a staircase back to the Dungeon here.
It was a potion of haste.
You feel yourself speed up.
* * * LOW HITPOINT WARNING * * *
You feel very sick. The killer bee barely misses you.
The killer bee stings you.
You die...

._. ... ... #.#
#######.#######
...............
...............
.......@y......
...............
...............
#######.#######
#.# ... ... ._.


You could see a killer bee.

Vanquished Creatures
  An ogre (D:4)
  A centaur (D:5)
  A water moccasin zombie (D:6)
  A scorpion (D:5)
  A jelly (D:3)
  A hound (D:4)
  A centaur skeleton (D:5)
  A gnoll shaman (D:4)
  2 iguanas
  A statue (D:3)
  A hound skeleton (D:5)
  12 gnolls
  7 adders
  2 dart slugs
  An orc (D:5)
  6 ball pythons
  6 endoplasms
  2 giant cockroaches (D:3)
  8 goblins
  2 hobgoblins
  8 jackals
  6 kobolds
  A quokka (D:3)
  4 bats
  3 frilled lizards
  4 rats
84 creatures vanquished.

Vanquished Creatures (others)
  4 fulminant prisms
  4 plants (D:4)
8 creatures vanquished.

Grand Total: 92 creatures vanquished

Notes
Turn   | Place    | Note
-------+----------+-------------------------------------------
     0 | D:1      | sizableburger the Deep Elf Conjurer began the quest for the
                  | Orb.
     0 | D:1      | Reached XP level 1. HP: 10/10 MP: 6/6
    27 | D:1      | Found a faded altar of an unknown god.
   214 | D:1      | Reached XP level 2. HP: 15/15 MP: 6/8
   410 | D:1      | Learned a level 2 spell: Searing Ray
  1043 | D:2      | Reached XP level 3. HP: 19/19 MP: 5/10
  1418 | D:2      | Learned a level 3 spell: Dazzling Flash
  1675 | D:2      | Reached skill level 4 in Spellcasting
  2107 | D:3      | Found a radiant altar of Vehumet.
  2108 | D:3      | Noticed a frost-covered statue
  2116 | D:3      | Reached skill level 5 in Conjurations
  2116 | D:3      | Reached XP level 4. HP: 24/24 MP: 7/12
  2161 | D:3      | Learned a level 4 spell: Fulminant Prism
  2263 | D:3      | Killed a frost-covered statue
  2264 | D:3      | Reached skill level 1 in Fighting
  2365 | D:3      | Reached skill level 1 in Hexes
  2557 | D:3      | Reached XP level 5. HP: 29/29 MP: 12/14
  3307 | D:4      | Reached skill level 5 in Spellcasting
  3921 | D:4      | Reached XP level 6. HP: 35/35 MP: 13/16
  4495 | D:4      | Reached skill level 6 in Spellcasting
  4959 | D:5      | Entered Level 5 of the Dungeon
  5029 | D:5      | Reached XP level 7. HP: 40/40 MP: 13/18
  5186 | D:5      | Learned a level 4 spell: Cause Fear
  5537 | D:6      | Reached skill level 5 in Hexes
  5610 | D:6      | Found a staircase to the Ecumenical Temple.
  5617 | Temple   | Entered the Ecumenical Temple
  5618 | Temple   | HP: 1/41 [poisoned by a killer bee]
  5618 | Temple   | Slain by a killer bee

Illustrated notes

Levels and vault maps discovered:
D:1:      saegor_arrival_simple_c, layout_basic,
          hellmonk_ecumenical_altar_arch_garden
D:2:      layout_loops_corners
D:3:      layout_loops_ring, vehumet_statue
D:4:      layout_loops_corners, serial_forest, infiniplex_forest_clump_double,
          infiniplex_forest_straight_5, infiniplex_forest_clump_tiny,
          infiniplex_forest_side_room, infiniplex_forest_end_3,
          infiniplex_forest_diagonal, infiniplex_forest_lined_corner,
          amcnicky_mini_pool_small, kennysheep_generic_room_4
D:5:      layout_cave_pools, minmay_manual_mail
D:6:      layout_cave_pools, minmay_temple_entry_ruins
Temple:   dpeg_chambers_temple

Skill      XL: |  1  2  3  4  5  6  7 |
---------------+----------------------+-----
Dodging        | 3 |  3.3
Spellcasting   | 4 5 6 |  6.9
Conjurations   | 5 |  5.1
Fighting       | 1 2 3 |  3.3
Hexes          | 1 2 4 5 |  5.0
Stealth        | |  2.6

Action                   |  1- 3 |  4- 6 |  7- 9 || total
-------------------------+-------+-------+-------++-------
Melee: Unarmed           |       |     2 |       ||     2
       Falchion          |       |    12 |       ||    12
 Cast: Magic Dart        |    22 |    38 |       ||    60
       Searing Ray       |    15 |    28 |    10 ||    53
       Fulminant Prism   |       |     4 |       ||     4
       Cause Fear        |       |       |     2 ||     2
  Use: Scroll            |       |     8 |       ||     8
       Potion            |       |       |     2 ||     2
Armor: Leather armour    |     6 |    13 |     9 ||    28
Dodge: Dodged            |     8 |    19 |    19 ||    46
